[Event "4NCL Team Rapidplay"]
[Site "Daventry"]
[Date "2013.10.05"]
[Round "1.2"]
[White "Cox, John"]
[Black "Freeman, Richard"]
[Result "1-0"]
[ECO "B07"]
[WhiteElo "2387"]
[BlackElo "2030"]
[PlyCount "127"]
[EventDate "2013.10.05"]
[EventType "team-swiss (rapid)"]
[EventRounds "7"]
[EventCountry "ENG"]
[WhiteTeam "Barbican"]
[BlackTeam "MK Phoenix"]
[WhiteTeamCountry "ENG"]
[BlackTeamCountry "ENG"]
[TimeControl "900+180"]
[WhiteClock "0:02:15"]
[BlackClock "0:00:37"]

1. d4 g6 2. e4 d6 3. c3 Bg7 4. Nf3 Nf6 5. Nbd2 O-O 6. Be2 Nc6 7. O-O e5 8. Re1
Nh5 9. dxe5 dxe5 10. Nc4 Be6 11. Ng5 Nf4 12. Nxe6 Nxe6 13. Qxd8 Raxd8 14. Be3
Nf4 15. Bf1 Rd7 16. Red1 Rfd8 17. Rxd7 Rxd7 18. g3 Ne6 19. Bh3 a6 20. Kf1 Rd8
21. a4 h6 22. Bxe6 fxe6 23. b4 Kf7 24. b5 Nb8 25. Ke2 Nd7 26. bxa6 bxa6 27. Rb1
Rb8 28. Rxb8 Nxb8 29. Kd3 Nc6 30. Nd2 Ke7 31. Nb3 Nb8 32. Kc4 Kd7 33. Ba7 Nc6
34. Be3 Nb8 35. Nc5+ Kd6 36. g4 g5 37. f3 Bf8 38. Bc1 Ke7 39. Be3 Kd6 40. Nd3
Bg7 41. Ba7 Nc6 42. Bc5+ Kd7 43. Ba3 Na5+ 44. Kb4 Nc6+ 45. Kb3 Na5+ 46. Kc2 Nc4
47. Bb4 a5 48. Bc5 Kc6 49. Bf2 Nd6 50. Kb3 Nc8 51. Nc5 Kd6 52. Nb7+ Kd7 53.
Nxa5 Ne7 54. Bc5 Ng6 55. Bf2 Nf4 56. Nc4 Nd3 57. Bg3 Nc5+ 58. Kb4 Nd3+ 59. Kb5
Nf4 60. Bxf4 exf4 61. e5 Bf8 62. a5 c6+ 63. Kb6 Be7 64. a6 1-0

[Event "4NCL Team Rapidplay"]
[Site "Daventry"]
[Date "2013.10.05"]
[Round "1.3"]
[White "Adebajo, Olufemi"]
[Black "Rogers, Jonathan"]
[Result "0-1"]
[ECO "B30"]
[WhiteElo "1971"]
[BlackElo "2307"]
[PlyCount "80"]
[EventDate "2013.10.05"]
[EventType "team-swiss (rapid)"]
[EventRounds "7"]
[EventCountry "ENG"]
[WhiteTeam "MK Phoenix"]
[BlackTeam "Barbican"]
[WhiteTeamCountry "ENG"]
[BlackTeamCountry "ENG"]
[TimeControl "900+155"]
[WhiteClock "0:02:29"]
[BlackClock "0:05:18"]

1. e4 c5 2. Nc3 e6 3. Nf3 Nc6 4. Bb5 Nge7 5. O-O a6 6. Bxc6 Nxc6 7. e5 d5 8. d3
Be7 9. Re1 b5 10. Ne2 d4 11. Ng3 Qc7 12. Qe2 Bb7 13. Bg5 O-O 14. Bxe7 Nxe7 15.
Ng5 h6 16. Nh3 Ng6 17. f4 Rae8 18. Qg4 c4 19. Rac1 Qa5 20. a3 Qd2 21. Qe2 Qxe2
22. Rxe2 Rc8 23. dxc4 bxc4 24. f5 d3 25. fxg6 dxe2 26. gxf7+ Rxf7 27. Nxe2 Rc5
28. Nd4 Rxe5 29. c3 Re3 30. Nf2 e5 31. Ne6 Re2 32. Rf1 Bd5 33. Nc5 a5 34. h3
Rxb2 35. Na4 Rd2 36. Nb6 Be6 37. Ne4 Rxf1+ 38. Kxf1 Ra2 39. a4 Rb2 40. Na8 Bd5
0-1

[Event "4NCL Team Rapidplay"]
[Site "Daventry"]
[Date "2013.10.05"]
[Round "1.4"]
[White "Sanders, Isaac"]
[Black "Macdonald-Ross, Michael"]
[Result "1-0"]
[ECO "B07"]
[WhiteElo "2269"]
[BlackElo "2128"]
[PlyCount "85"]
[EventDate "2013.10.05"]
[EventType "team-swiss (rapid)"]
[EventRounds "7"]
[EventCountry "ENG"]
[WhiteTeam "Barbican"]
[BlackTeam "MK Phoenix"]
[WhiteTeamCountry "ENG"]
[BlackTeamCountry "ENG"]
[TimeControl "900+170"]
[WhiteClock "0:00:33"]
[BlackClock "0:00:37"]

1. e4 d6 2. d4 Nf6 3. Nc3 e5 4. Nge2 Be7 5. g3 Nbd7 6. Bg2 O-O 7. O-O c6 8. a4
Re8 9. Re1 Qc7 10. h3 Bf8 11. Be3 b6 12. f4 Bb7 13. Qd2 Rad8 14. Rad1 a6 15. g4
b5 16. axb5 axb5 17. Ng3 b4 18. Nb1 exd4 19. Bxd4 c5 20. Bf2 Nb6 21. g5 Nfd7
22. b3 Nb8 23. Qc1 d5 24. e5 c4 25. Nd2 Bc5 26. Nf3 Bxf2+ 27. Kxf2 Qc5+ 28. Nd4
Nc6 29. Qe3 Nxd4 30. Qxd4 Qxd4+ 31. Rxd4 Ra8 32. Nf5 Ra2 33. Re2 Ba6 34. bxc4
Bxc4 35. Red2 Rea8 36. Ne3 g6 37. Kg3 b3 38. cxb3 Bxb3 39. Rxa2 Rxa2 40. Rb4
Nc4 41. Rxb3 Nxe3 42. Rxe3 d4 43. Rd3 1-0

[Event "4NCL Team Rapidplay"]
[Site "Daventry"]
[Date "2013.10.05"]
[Round "1.6"]
[White "Meadows, Michael M"]
[Black "Smerdon, David"]
[Result "0-1"]
[ECO "D00"]
[WhiteElo "1764"]
[BlackElo "2523"]
[PlyCount "38"]
[EventDate "2013.10.05"]
[EventType "team-swiss (rapid)"]
[EventRounds "7"]
[EventCountry "ENG"]
[WhiteTeam "Bristol University"]
[BlackTeam "Guildford"]
[WhiteTeamCountry "ENG"]
[BlackTeamCountry "ENG"]
[TimeControl "900+140"]
[WhiteClock "0:00:37"]
[BlackClock "0:01:22"]

1. e4 d5 2. d4 dxe4 3. Nc3 Nf6 4. f3 Nbd7 5. fxe4 e5 6. Nf3 exd4 7. Nxd4 Bc5 8.
Be3 O-O 9. Be2 Re8 10. Bf3 Ne5 11. Be2 Neg4 12. Bxg4 Nxg4 13. Bg1 Ne5 14. Nde2
Qh4+ 15. Ng3 Bg4 16. Qd5 Bxg1 17. Rxg1 Rad8 18. Qb5 Qg5 19. Nce2 Nf3+ 0-1

[Event "4NCL Team Rapidplay"]
[Site "Daventry"]
[Date "2013.10.05"]
[Round "1.7"]
[White "Hebden, Mark"]
[Black "Young, Daniel J"]
[Result "1-0"]
[ECO "D30"]
[WhiteElo "2548"]
[BlackElo "1755"]
[PlyCount "44"]
[EventDate "2013.10.05"]
[EventType "team-swiss (rapid)"]
[EventRounds "7"]
[EventCountry "ENG"]
[WhiteTeam "Guildford"]
[BlackTeam "Bristol University"]
[WhiteTeamCountry "ENG"]
[BlackTeamCountry "ENG"]
[TimeControl "900+285"]
[WhiteClock "0:09:54"]
[BlackClock "0:01:44"]

1. d4 Nf6 2. Nf3 d5 3. c4 c6 4. e3 e6 5. Bd3 Nbd7 6. b3 Bb4+ 7. Bd2 Bxd2+ 8.
Nbxd2 O-O 9. Qc2 b6 10. cxd5 cxd5 11. Qc6 Rb8 12. O-O Bb7 13. Qa4 a6 14. Qa3 b5
15. Rfc1 Qb6 16. Rc2 Rbc8 17. Rac1 Rxc2 18. Rxc2 Rc8 19. Rxc8+ Bxc8 20. Qe7 h6
21. Ne5 Nf8 22. Qxf7+ Kh8 1-0

[Event "4NCL Team Rapidplay"]
[Site "Daventry"]
[Date "2013.10.05"]
[Round "1.8"]
[White "Wilson, Matthew"]
[Black "Wall, Gavin"]
[Result "0-1"]
[ECO "C41"]
[WhiteElo "1797"]
[BlackElo "2333"]
[PlyCount "110"]
[EventDate "2013.10.05"]
[EventType "team-swiss (rapid)"]
[EventRounds "7"]
[EventCountry "ENG"]
[WhiteTeam "Bristol University"]
[BlackTeam "Guildford"]
[WhiteTeamCountry "ENG"]
[BlackTeamCountry "ENG"]
[TimeControl "900+95"]
[WhiteClock "0:04:11"]
[BlackClock "0:13:17"]

1. e4 e5 2. Nf3 d6 3. d3 g6 4. Nc3 Bg7 5. Be2 Ne7 6. O-O O-O 7. Be3 f5 8. Bg5
h6 9. Bxe7 Qxe7 10. Nd5 Qf7 11. c4 c6 12. Nc3 Na6 13. a3 g5 14. b4 Bf6 15. Qb3
g4 16. Nd2 f4 17. Rab1 Kh7 18. b5 Nc5 19. Qc2 Rg8 20. bxc6 bxc6 21. Na4 f3 22.
Bd1 Ne6 23. g3 Nd4 24. Qb2 Qh5 25. Kh1 Qh3 26. Rg1 Rg5 27. Bxf3 Nxf3 28. Rg2
Rh5 29. Nf1 Rg5 30. Nc3 Qh5 31. Qb4 Be7 32. Nd1 Qf7 33. Nde3 d5 34. Qc3 d4 35.
Qc1 dxe3 36. Nxe3 Bc5 37. Qb2 h5 38. Nf5 Bxf5 39. exf5 Rxf5 40. Qc2 Nd4 41. Qd2
Rf8 42. Rf1 Nf3 43. Qc2 Ng5 44. Qb1 Nh3 45. d4 Bxd4 46. f3 Kg7 47. Rb2 Bxb2 48.
Qxb2 Qxc4 49. Re1 Qd5 50. Qb7+ R8f7 51. Qb2 Qxf3+ 52. Qg2 Qf1+ 53. Rxf1 Rxf1+
54. Qxf1 Rxf1+ 55. Kg2 Rg1# 0-1

[Event "4NCL Team Rapidplay"]
[Site "Daventry"]
[Date "2013.10.05"]
[Round "1.2"]
[White "Connor, Stephen J"]
[Black "Mayhew, Andrew"]
[Result "0-1"]
[ECO "C96"]
[WhiteElo "2004"]
[BlackElo "2058"]
[PlyCount "38"]
[EventDate "2013.10.05"]
[EventType "team-swiss (rapid)"]
[EventRounds "7"]
[EventCountry "ENG"]
[WhiteTeam "CSC II"]
[BlackTeam "RSJ"]
[WhiteTeamCountry "ENG"]
[BlackTeamCountry "ENG"]
[TimeControl "900+55"]
[WhiteClock "0:10:18"]
[BlackClock "0:09:08"]

1. e4 e5 2. Nf3 Nc6 3. Bb5 a6 4. Ba4 Nf6 5. O-O Be7 6. Re1 b5 7. Bb3 d6 8. c3
O-O 9. h3 Na5 10. Bc2 c5 11. d4 Nd7 12. Be3 Nc4 13. Bc1 Bb7 14. b3 Ncb6 15. Be3
Qc7 16. d5 f5 17. Bg5 Nf6 18. Bxf6 Bxf6 19. Ng5 Bxg5 0-1

[Event "4NCL Team Rapidplay"]
[Site "Daventry"]
[Date "2013.10.05"]
[Round "1.3"]
[White "Snape, Ian L"]
[Black "Foley, John P"]
[Result "1-0"]
[ECO "B12"]
[WhiteElo "2218"]
[BlackElo "2018"]
[PlyCount "81"]
[EventDate "2013.10.05"]
[EventType "team-swiss (rapid)"]
[EventRounds "7"]
[EventCountry "ENG"]
[WhiteTeam "RSJ"]
[BlackTeam "CSC II"]
[WhiteTeamCountry "ENG"]
[BlackTeamCountry "ENG"]
[TimeControl "900+160"]
[WhiteClock "0:07:12"]
[BlackClock "0:01:07"]

1. e4 c6 2. d4 d5 3. e5 Bf5 4. h4 h5 5. Bg5 Qb6 6. Bd3 Bxd3 7. Qxd3 e6 8. Nd2
c5 9. c3 Nc6 10. Ngf3 Rc8 11. dxc5 Bxc5 12. O-O a5 13. a4 Nge7 14. Qb5 O-O 15.
Nb3 Qxb5 16. axb5 Nxe5 17. Nxe5 f6 18. Nxc5 Rxc5 19. Nd7 Rxb5 20. Nxf8 Kxf8 21.
Bc1 Nc6 22. f4 Kf7 23. Ra2 g6 24. Be3 Ke7 25. b4 axb4 26. cxb4 d4 27. Bd2 e5
28. fxe5 fxe5 29. Bg5+ Ke6 30. Rf6+ Kd5 31. Rxg6 Rxb4 32. g4 e4 33. gxh5 Ne5
34. Rg7 Nf3+ 35. Kf2 Rb1 36. h6 Rh1 37. h7 Nxg5 38. hxg5 Rh2+ 39. Kg3 Rxa2 40.
h8=Q Ra3+ 41. Kg4 1-0

[Event "4NCL Team Rapidplay"]
[Site "Daventry"]
[Date "2013.10.05"]
[Round "1.5"]
[White "Carpenter, Dai"]
[Black "Maroroa, Sue"]
[Result "0-1"]
[ECO "A07"]
[WhiteElo "1983"]
[BlackElo "2130"]
[PlyCount "44"]
[EventDate "2013.10.05"]
[EventType "team-swiss (rapid)"]
[EventRounds "7"]
[EventCountry "ENG"]
[WhiteTeam "West in Best"]
[BlackTeam "Oxford"]
[BlackTeamCountry "ENG"]
[TimeControl "900+200"]
[WhiteClock "0:00:22"]
[BlackClock "0:05:17"]

1. Nf3 Nf6 2. g3 e6 3. Bg2 d5 4. O-O Be7 5. d3 O-O 6. Nbd2 Nbd7 7. e4 dxe4 8.
dxe4 Nb6 9. Qe2 Nfd7 10. Rd1 Qe8 11. Nc4 Nxc4 12. Qxc4 c6 13. Be3 Bf6 14. c3 e5
15. Qa4 Qe7 16. h4 Re8 17. h5 h6 18. Qc4 Nb6 19. Qf1 Bg4 20. Rd2 Bxh5 21. Ne1
Rad8 22. Rxd8 Rxd8 0-1

[Event "4NCL Team Rapidplay"]
[Site "Daventry"]
[Date "2013.10.05"]
[Round "2.2"]
[White "Smerdon, David"]
[Black "Maroroa, Sue"]
[Result "1-0"]
[ECO "B22"]
[WhiteElo "2523"]
[BlackElo "2130"]
[PlyCount "101"]
[EventDate "2013.10.05"]
[EventType "team-swiss (rapid)"]
[EventRounds "7"]
[EventCountry "ENG"]
[WhiteTeam "Guildford"]
[BlackTeam "Oxford"]
[WhiteTeamCountry "ENG"]
[BlackTeamCountry "ENG"]
[TimeControl "900+160"]
[WhiteClock "0:00:37"]
[BlackClock "0:00:17"]

1. e4 c5 2. Nf3 Nc6 3. c3 d5 4. exd5 Qxd5 5. d4 Bf5 6. Be3 cxd4 7. Nxd4 e6 8.
Qb3 Nxd4 9. Bxd4 a6 10. Qxd5 exd5 11. Be2 O-O-O 12. O-O Ne7 13. Nd2 Nc6 14. Bb6
Rd7 15. Nb3 Bd6 16. Rfe1 Bc2 17. Rac1 Bxb3 18. axb3 Bc7 19. Bc5 f5 20. Red1
Rhd8 21. g3 d4 22. Bc4 b6 23. Bxd4 Nxd4 24. cxd4 Rxd4 25. Be6+ Kb7 26. Rxd4
Rxd4 27. Bxf5 g6 28. Be6 Rd2 29. Bg8 h6 30. h4 Bd6 31. Rc3 g5 32. hxg5 hxg5 33.
Rf3 Rxb2 34. Bd5+ Kc8 35. Rf7 Bc5 36. Kf1 a5 37. f4 gxf4 38. gxf4 Kd8 39. f5
Ke8 40. Be6 Be7 41. Rh7 Bc5 42. Ke1 Rf2 43. Rc7 Rf4 44. Ke2 a4 45. bxa4 Rxa4
46. Kf3 Rb4 47. Rd7 Be7 48. Ra7 Rd4 49. Ke3 Rb4 50. Ra8+ Bd8 51. f6 1-0

[Event "4NCL Team Rapidplay"]
[Site "Daventry"]
[Date "2013.10.05"]
[Round "2.3"]
[White "Dickinson, Tim"]
[Black "Hebden, Mark"]
[Result "0-1"]
[ECO "D00"]
[WhiteElo "2122"]
[BlackElo "2548"]
[PlyCount "94"]
[EventDate "2013.10.05"]
[EventType "team-swiss (rapid)"]
[EventRounds "7"]
[EventCountry "ENG"]
[WhiteTeam "Oxford"]
[BlackTeam "Guildford"]
[WhiteTeamCountry "ENG"]
[BlackTeamCountry "ENG"]
[TimeControl "900+180"]
[WhiteClock "0:00:30"]
[BlackClock "0:03:07"]

1. d4 Nf6 2. Nf3 g6 3. Nc3 d5 4. Bg5 Ne4 5. Qd3 Nxg5 6. Nxg5 e5 7. Qg3 f6 8.
Nf3 e4 9. Nd2 c6 10. f4 exf3 11. gxf3 Bd6 12. f4 O-O 13. e3 Na6 14. Bd3 Qe7 15.
a3 Nc7 16. O-O-O Kh8 17. h4 Bf5 18. h5 Bxd3 19. cxd3 g5 20. Rde1 Rae8 21. Qg4
b5 22. f5 b4 23. axb4 Bxb4 24. e4 Bxc3 25. bxc3 Qa3+ 26. Kc2 Nb5 27. Nb1 Qa2+
28. Kc1 Na3 29. Nxa3 Qxa3+ 30. Kd2 Qb2+ 31. Ke3 dxe4 32. Rc1 exd3+ 33. Kxd3
Qb5+ 34. Kd2 Qc4 35. h6 c5 36. Rh3 cxd4 37. cxd4 Qb4+ 38. Rcc3 Rd8 39. Rhd3 Rd5
40. Qe4 Rfd8 41. Ke3 Qd6 42. Rc4 Qf8 43. Qh1 Rxf5 44. d5 Qd6 45. Ke2 Kg8 46.
Rcd4 Rc8 47. Qb1 Qh2+ 0-1

[Event "4NCL Team Rapidplay"]
[Site "Daventry"]
[Date "2013.10.05"]
[Round "2.4"]
[White "Wall, Gavin"]
[Black "Riley, Adrian K"]
[Result "0-1"]
[ECO "B12"]
[WhiteElo "2333"]
[BlackElo "1632"]
[PlyCount "52"]
[EventDate "2013.10.05"]
[EventType "team-swiss (rapid)"]
[EventRounds "7"]
[EventCountry "ENG"]
[WhiteTeam "Guildford"]
[BlackTeam "Oxford"]
[WhiteTeamCountry "ENG"]
[BlackTeamCountry "ENG"]
[TimeControl "900+180"]
[WhiteClock "0:04:54"]
[BlackClock "0:02:47"]

1. e4 c6 2. d4 d5 3. f3 Nh6 4. Bxh6 gxh6 5. Nc3 e6 6. Qd2 Nd7 7. O-O-O Bg7 8.
Nge2 O-O 9. g4 Qh4 10. Ng3 Bf6 11. e5 Bg5 12. f4 Be7 13. Rg1 Kh8 14. Nh5 f5 15.
h3 Rg8 16. Qe2 a6 17. Rd3 b5 18. Rdg3 Bb7 19. Qf3 Rad8 20. gxf5 Rxg3 21. Nxg3
Rf8 22. f6 Bd8 23. Nh5 Bxf6 24. exf6 Nxf6 25. Nxf6 Rxf6 26. Ne2 Qe1# 0-1

[Event "4NCL Team Rapidplay"]
[Site "Daventry"]
[Date "2013.10.05"]
[Round "2.6"]
[White "Lunn, Matthew"]
[Black "Cox, John"]
[Result "0-1"]
[ECO "D70"]
[WhiteElo "2045"]
[BlackElo "2387"]
[PlyCount "76"]
[EventDate "2013.10.05"]
[EventType "team-swiss (rapid)"]
[EventRounds "7"]
[EventCountry "ENG"]
[WhiteTeam "CSC"]
[BlackTeam "Barbican"]
[WhiteTeamCountry "ENG"]
[BlackTeamCountry "ENG"]
[TimeControl "900+205"]
[WhiteClock "0:01:04"]
[BlackClock "0:01:47"]

1. d4 d5 2. c4 c6 3. Nf3 Nf6 4. Nbd2 g6 5. e3 Bg7 6. Bd3 O-O 7. O-O Nbd7 8. h3
c5 9. b3 b6 10. Bb2 Bb7 11. cxd5 Nxd5 12. a3 Rc8 13. Rc1 a6 14. Nb1 cxd4 15.
Rxc8 Qxc8 16. Bxd4 e5 17. Bb2 Re8 18. Bc4 Qc6 19. Qd2 b5 20. Be2 Nc5 21. Qc2 f6
22. Rc1 Rc8 23. Nbd2 Qe6 24. Qd1 Bf8 25. Nf1 Nb6 26. N1d2 Nd5 27. Nf1 Ne4 28.
Rxc8 Qxc8 29. Bd3 Nec3 30. Qc2 Be7 31. N1d2 Qc6 32. Ne4 Nxe4 33. Qxc6 Bxc6 34.
Bxe4 Kf7 35. Kf1 Nxe3+ 36. fxe3 Bxe4 37. Nd2 Bd3+ 38. Kf2 Ke6 0-1

[Event "4NCL Team Rapidplay"]
[Site "Daventry"]
[Date "2013.10.05"]
[Round "2.7"]
[White "Rogers, Jonathan"]
[Black "Chan, Nevil"]
[Result "1-0"]
[ECO "D02"]
[WhiteElo "2307"]
[BlackElo "2027"]
[PlyCount "98"]
[EventDate "2013.10.05"]
[EventType "team-swiss (rapid)"]
[EventRounds "7"]
[EventCountry "ENG"]
[WhiteTeam "Barbican"]
[BlackTeam "CSC"]
[WhiteTeamCountry "ENG"]
[BlackTeamCountry "ENG"]
[TimeControl "900+90"]
[WhiteClock "0:05:29"]

1. d4 Nc6 2. Nf3 d5 3. g3 Bg4 4. Nbd2 Nf6 5. Bg2 e6 6. O-O Bd6 7. c4 O-O 8. Qc2
Bf5 9. Qa4 Qd7 10. b3 Nb4 11. Qxd7 Nxd7 12. Bb2 Nf6 13. Nh4 Bg6 14. a3 Na6 15.
Rac1 c6 16. Rfe1 Rad8 17. Nxg6 hxg6 18. b4 Nc7 19. Nb3 dxc4 20. Rxc4 Nb5 21.
Na5 Rb8 22. e4 Nd7 23. e5 Be7 24. Nxb7 Nb6 25. Rcc1 Rxb7 26. Bxc6 Rfb8 27. Bxb5
Nd5 28. Bc6 Rb6 29. Bxd5 exd5 30. Rc7 R8b7 31. Rec1 a5 32. Rc8+ Kh7 33. Re8
axb4 34. Rcc8 g5 35. axb4 Bxb4 36. Bc1 Kg6 37. h3 Kf5 38. Be3 Ke4 39. Rc1 Kf3
40. Bxg5 Ba5 41. Ra8 Rb5 42. Rac8 Rb2 43. Be3 Bd2 44. Bxd2 Rxd2 45. Re1 Rb3 46.
e6 Rxf2 47. exf7 Kxg3 48. f8=Q Rg2+ 49. Kf1 Rb5 1-0

[Event "4NCL Team Rapidplay"]
[Site "Daventry"]
[Date "2013.10.05"]
[Round "2.8"]
[White "Staples, Daniel"]
[Black "Sanders, Isaac"]
[Result "1-0"]
[ECO "A46"]
[WhiteElo "1972"]
[BlackElo "2269"]
[PlyCount "84"]
[EventDate "2013.10.05"]
[EventType "team-swiss (rapid)"]
[EventRounds "7"]
[EventCountry "ENG"]
[WhiteTeam "CSC"]
[BlackTeam "Barbican"]
[WhiteTeamCountry "ENG"]
[BlackTeamCountry "ENG"]
[TimeControl "900+70"]
[WhiteClock "0:03:10"]
[BlackClock "0:00:54"]

1. d4 Nf6 2. Nf3 e6 3. Bg5 c5 4. e3 Be7 5. c3 b6 6. Nbd2 Bb7 7. Be2 O-O 8. O-O
d6 9. b4 Nbd7 10. Qb3 h6 11. Bh4 Qc7 12. Rfc1 Rfc8 13. Qb2 Rab8 14. a4 Bf8 15.
h3 Ne4 16. Nxe4 Bxe4 17. Nd2 Bh7 18. Bg3 f5 19. dxc5 bxc5 20. b5 Nf6 21. Bf3 c4
22. Qa2 Ne4 23. Bh2 Rb7 24. Qc2 Qf7 25. Nxe4 fxe4 26. Bxe4 Bxe4 27. Qxe4 d5 28.
Qf4 Qg6 29. Qg4 Qxg4 30. hxg4 Kf7 31. Be5 Be7 32. f4 Bf6 33. Bxf6 gxf6 34. Kf2
e5 35. g3 Rd7 36. Rh1 Kg7 37. Rad1 Rcd8 38. Rh5 d4 39. exd4 exd4 40. cxd4 Rxd4
41. Rxd4 Rxd4 42. Rc5 c3 1-0

[Event "4NCL Team Rapidplay"]
[Site "Daventry"]
[Date "2013.10.05"]
[Round "2.2"]
[White "Mayhew, Andrew"]
[Black "Kane, Robert"]
[Result "1-0"]
[ECO "E24"]
[WhiteElo "2058"]
[BlackElo "1862"]
[PlyCount "71"]
[EventDate "2013.10.05"]
[EventType "team-swiss (rapid)"]
[EventRounds "7"]
[EventCountry "ENG"]
[WhiteTeam "RSJ"]
[BlackTeam "BCM Dragons"]
[WhiteTeamCountry "ENG"]
[BlackTeamCountry "ENG"]
[TimeControl "900+175"]
[WhiteClock "0:00:35"]
[BlackClock "0:00:57"]

1. d4 Nf6 2. c4 e6 3. Nc3 Bb4 4. a3 Bxc3+ 5. bxc3 b6 6. f3 d5 7. e3 O-O 8. Bd3
Ba6 9. cxd5 Bxd3 10. Qxd3 exd5 11. Ne2 Re8 12. O-O c5 13. Ng3 Nc6 14. Bd2 Qd7
15. Rae1 cxd4 16. cxd4 Rac8 17. Bc3 Qd6 18. a4 Na5 19. Bxa5 bxa5 20. e4 Qb4 21.
e5 Rc3 22. Qb5 Qxb5 23. axb5 Nd7 24. Ra1 Rb8 25. Rxa5 Nf8 26. Rxa7 Rxb5 27. Nf5
g6 28. Nh6+ Kg7 29. Nxf7 Rb4 30. Re1 Rxd4 31. e6 Nxe6 32. Rxe6 Rd1+ 33. Kf2
Rc2+ 34. Kg3 Rg1 35. Ne5+ Kh6 36. Ng4+ 1-0

[Event "4NCL Team Rapidplay"]
[Site "Daventry"]
[Date "2013.10.05"]
[Round "2.3"]
[White "Harnett, Robert J"]
[Black "Snape, Ian L"]
[Result "0-1"]
[ECO "B53"]
[WhiteElo "1972"]
[BlackElo "2218"]
[PlyCount "94"]
[EventDate "2013.10.05"]
[EventType "team-swiss (rapid)"]
[EventRounds "7"]
[EventCountry "ENG"]
[WhiteTeam "BCM Dragons"]
[BlackTeam "RSJ"]
[WhiteTeamCountry "ENG"]
[BlackTeamCountry "ENG"]
[TimeControl "900+135"]
[WhiteClock "0:00:24"]
[BlackClock "0:07:03"]

1. e4 c5 2. Nf3 d6 3. d4 Nf6 4. Nc3 cxd4 5. Qxd4 Nc6 6. Bb5 Bd7 7. Bxc6 Bxc6 8.
O-O e5 9. Qd3 Be7 10. h3 O-O 11. Bg5 Qb6 12. b3 Rfe8 13. Bxf6 Bxf6 14. Nd5 Bxd5
15. Qxd5 Rec8 16. c4 a5 17. Rfd1 a4 18. Qd3 Qc7 19. Rab1 axb3 20. axb3 Be7 21.
Nh2 Rd8 22. Ng4 Bg5 23. Ra1 Rxa1 24. Rxa1 h5 25. Ne3 Bxe3 26. Qxe3 g6 27. g4
hxg4 28. hxg4 Kg7 29. Kg2 Rh8 30. Rh1 Rxh1 31. Kxh1 Qd7 32. Qf3 Qe7 33. Kg2 Qg5
34. Kg3 Qc1 35. Kg2 Qf4 36. Qxf4 exf4 37. Kf3 g5 38. e5 dxe5 39. Ke4 Kf6 40. c5
Ke6 41. b4 f6 42. b5 Ke7 43. Kf5 Kd7 44. Ke4 Ke6 45. f3 Ke7 46. Kd3 Kd7 47. Kc4
Ke8 0-1

[Event "4NCL Team Rapidplay"]
[Site "Daventry"]
[Date "2013.10.05"]
[Round "2.5"]
[White "Pritchett, Craig W"]
[Black "Pitcher, John"]
[Result "1/2-1/2"]
[ECO "D11"]
[WhiteElo "2359"]
[BlackElo "2246"]
[PlyCount "98"]
[EventDate "2013.10.05"]
[EventType "team-swiss (rapid)"]
[EventRounds "7"]
[EventCountry "ENG"]
[WhiteTeam "Barbican II"]
[BlackTeam "Warwickshire Select"]
[WhiteTeamCountry "ENG"]
[BlackTeamCountry "ENG"]
[TimeControl "900+105"]
[WhiteClock "0:02:04"]
[BlackClock "0:01:30"]

1. Nf3 d5 2. c4 c6 3. e3 Nf6 4. d4 a6 5. Nbd2 Bg4 6. Qb3 Qc7 7. Ne5 Bh5 8. Bd3
e6 9. O-O Nbd7 10. Nxd7 Qxd7 11. cxd5 exd5 12. e4 dxe4 13. Nxe4 Nxe4 14. Bxe4
Be7 15. d5 cxd5 16. Bxd5 Rd8 17. Bxb7 Be2 18. Re1 O-O 19. Bf4 Bb5 20. Bf3 Bf6
21. Rad1 Qf5 22. Rxd8 Rxd8 23. Bg3 h5 24. a4 Bd3 25. h3 Bc2 26. Qb6 a5 27. Kh2
h4 28. Bc7 Rd4 29. Qxa5 Qd7 30. Be5 Rxa4 31. Qc3 Bxe5+ 32. Qxe5 Rb4 33. Bg4 Qb5
34. Qe8+ Qxe8 35. Rxe8+ Kh7 36. Re2 Bd1 37. Bf5+ g6 38. Rd2 gxf5 39. Rxd1 Rxb2
40. f3 Kg6 41. Rd4 Kg5 42. f4+ Kg6 43. Rd6+ f6 44. Rd8 Rb4 45. Rg8+ Kf7 46. Rh8
Rxf4 47. Kg1 Kg7 48. Ra8 Kg6 49. Rg8+ Kf7 1/2-1/2

[Event "4NCL Team Rapidplay"]
[Site "Daventry"]
[Date "2013.10.05"]
[Round "3.2"]
[White "Smerdon, David"]
[Black "Mayhew, Andrew"]
[Result "1/2-1/2"]
[ECO "C47"]
[WhiteElo "2523"]
[BlackElo "2058"]
[PlyCount "61"]
[EventDate "2013.10.05"]
[EventType "team-swiss (rapid)"]
[EventRounds "7"]
[EventCountry "ENG"]
[WhiteTeam "Guildford"]
[BlackTeam "RSJ"]
[WhiteTeamCountry "ENG"]
[BlackTeamCountry "ENG"]
[TimeControl "900+180"]
[WhiteClock "0:01:16"]
[BlackClock "0:01:35"]

1. e4 e5 2. Nf3 Nc6 3. Nc3 Nf6 4. d4 exd4 5. Nxd4 Bb4 6. Nxc6 bxc6 7. Bd3 d5 8.
exd5 cxd5 9. O-O O-O 10. h3 c6 11. Qf3 Be6 12. Ne2 Re8 13. c3 Bd6 14. Bg5 Rb8
15. b3 h6 16. Bxf6 Qxf6 17. Qxf6 gxf6 18. Ng3 Be5 19. Rac1 Bxg3 20. fxg3 Kg7
21. Rf3 c5 22. c4 d4 23. Rcf1 Rb6 24. Re1 a5 25. g4 a4 26. Bf5 Bd7 27. Rxe8
Bxe8 28. Bc2 axb3 29. axb3 Re6 30. Kf2 Bc6 31. Rf5 1/2-1/2

[Event "4NCL Team Rapidplay"]
[Site "Daventry"]
[Date "2013.10.05"]
[Round "3.3"]
[White "Snape, Ian L"]
[Black "Hebden, Mark"]
[Result "0-1"]
[ECO "C50"]
[WhiteElo "2218"]
[BlackElo "2548"]
[PlyCount "82"]
[EventDate "2013.10.05"]
[EventType "team-swiss (rapid)"]
[EventRounds "7"]
[EventCountry "ENG"]
[WhiteTeam "RSJ"]
[BlackTeam "Guildford"]
[WhiteTeamCountry "ENG"]
[BlackTeamCountry "ENG"]
[TimeControl "900+85"]
[WhiteClock "0:00:51"]
[BlackClock "0:06:12"]

1. e4 e5 2. Nf3 Nc6 3. d4 exd4 4. Bc4 Nf6 5. O-O d6 6. Nxd4 Be7 7. Nc3 O-O 8.
h3 a6 9. Nxc6 bxc6 10. Be3 Rb8 11. Bb3 Be6 12. f4 a5 13. Qf3 c5 14. e5 Nd7 15.
Bxe6 fxe6 16. Qg4 Rf5 17. Rad1 Rxb2 18. exd6 cxd6 19. Qe2 d5 20. g4 Rf7 21. f5
d4 22. fxe6 Rxf1+ 23. Qxf1 Ne5 24. Bf4 Ng6 25. Bg3 Qf8 26. Qd3 dxc3 27. Qxc3
Rb6 28. Rf1 Bf6 29. Qc4 Qe7 30. Re1 Nf8 31. Bf2 Nxe6 32. Qd5 Qd6 33. Qa8+ Nf8
34. Qxa5 Bd4 35. Bxd4 Qxd4+ 36. Kg2 Qd5+ 37. Kg1 Rf6 38. Qc3 Ne6 39. Qb3 c4 40.
Qb8+ Rf8 41. Qb6 Nf4 0-1

[Event "4NCL Team Rapidplay"]
[Site "Daventry"]
[Date "2013.10.05"]
[Round "3.6"]
[White "Cox, John"]
[Black "Josse, Mark"]
[Result "0-1"]
[ECO "D20"]
[WhiteElo "2387"]
[BlackElo "2173"]
[PlyCount "66"]
[EventDate "2013.10.05"]
[EventType "team-swiss (rapid)"]
[EventRounds "7"]
[EventCountry "ENG"]
[WhiteTeam "Barbican"]
[BlackTeam "SMPS"]
[WhiteTeamCountry "ENG"]
[BlackTeamCountry "ENG"]
[TimeControl "900+230"]
[WhiteClock "0:00:31"]
[BlackClock "0:00:45"]

1. d4 d5 2. c4 dxc4 3. e3 e5 4. Bxc4 exd4 5. exd4 Bd6 6. Nf3 Nf6 7. O-O O-O 8.
h3 h6 9. Nc3 Nc6 10. Qc2 Ne7 11. Ne5 c6 12. Qb3 Ned5 13. Re1 Bc7 14. Bd2 Rb8
15. Rac1 Be6 16. Nxd5 Bxd5 17. Bf4 Bxc4 18. Qxc4 Nd5 19. Bg3 Re8 20. Qd3 Rc8
21. a3 Nf6 22. Qb3 Bb6 23. Qxf7+ Kh8 24. Qxb7 Qxd4 25. Nf7+ Kh7 26. Nd6 Rxe1+
27. Rxe1 Rd8 28. Nf5 Qd7 29. Qxd7 Rxd7 30. Rc1 Rd2 31. Nd6 Nh5 32. Nc4 Nxg3 33.
Re1 Bxf2+ 0-1